 Dungeon Crawl Stone Soup version 0.28.0-53-g5a82cb258f (webtiles) character file.

Game seed: 3479571875692696675

774 Sin92 the Skirmisher (level 7, -8/56 HPs)
             Began as a Demonspawn Fighter on July 2, 2022.
             Mangled by a wight
             ... wielding a +4 halberd
              (15 damage)
             ... on level 8 of the Dungeon.
             The game lasted 00:10:17 (4419 turns).

Sin92 the Skirmisher (Demonspawn Fighter)           Turns: 4419, Time: 00:10:18

Health: -8/56      AC: 10    Str: 19    XL:     7   Next: 53%
Magic:  7/7        EV: 11    Int:  9    God:
Gold:   206        SH:  5    Dex: 17    Spells: 6/6 levels left

rFire   . . .      SeeInvis .   a - +0 trident (spect)
rCold   . . .      Faith    .   c - +0 buckler
rNeg    + . .      Spirit   .   m - +1 scale mail "Moutrov" {rN+ Dex+5 Slay+3 Stlth+}
rPois   .          Reflect  .   (helmet restricted)
rElec   .          Harm     .   e - +1 cloak {Will+}
rCorr   .          Rampage  .   (no gloves)
Will    +....                   (no boots)
Stlth   +.........              l - amulet of regeneration
HPRegen 0.98/turn               (no ring)
MPRegen 0.10/turn               (no ring)

@: on berserk cooldown, slowed, very slow
A: antennae 2, repulsion field 1, foul stench 1
a: no special abilities


You were on level 8 of the Dungeon.
You visited 1 branch of the dungeon, and saw 6 of its levels.

You collected 206 gold pieces.

Inventory:

Hand Weapons
 a - a +0 spectral trident (weapon)
Armour
 b - a +0 scale mail
 c - a +0 buckler (worn)
 e - a +1 cloak of willpower (worn)
 f - a +0 chain mail
 m - the +1 scale mail "Moutrov" (worn) {rN+ Dex+5 Slay+3 Stlth+}
   (You found it on level 4 of the Dungeon)

   Dex:       It affects your dexterity (+5).
   Slay:      It affects your accuracy & damage with ranged weapons and melee
   (+3).
   rN:        It protects you from negative energy.
   Stlth:     It makes you more stealthy.
Jewellery
 l - an amulet of regeneration (around neck)
Wands
 k - a wand of flame (13)
 q - a wand of iceblast (2)
Scrolls
 i - a scroll of teleportation
 p - 2 scrolls of identify
 s - a scroll of noise {unknown}
Potions
 d - a potion of might
 h - 2 potions of invisibility
 j - a potion of mutation
 o - a potion of flight {unknown}
 r - a potion of degeneration {unknown}
 t - a potion of heal wounds {unknown}


   Skills:
 + Level 5.1 Fighting
 + Level 4.2 Polearms
 + Level 4.6 Armour
 + Level 4.6 Shields


You had 6 spell levels left.
You didn't know any spells.
Your spell library was empty.

Dungeon Overview and Level Annotations

Branches:
Dungeon (5/15)
 Temple: D:4-7

Altars:

Shops:
D:2 *


Innate Abilities, Weirdness & Mutations

You have a pair of antennae on your head.
You are surrounded by a mild repulsion field. (EV +2)
You may rarely emit foul miasma when damaged in melee.


Message History

The hornet barely misses you. You block the wight's attack.
The hornet stings you but does no damage.
You block the wight's attack. The hornet stings you.
You feel yourself slow down.
You are too injured to fight recklessly!
You swap places.
You feel very sick.
The hornet stings you but does no damage.
Unknown command.
You feel very sick. The hornet stings you.
* * * LOW HITPOINT WARNING * * *
You are more poisoned.
You feel as though you will be slow longer.
You emit a cloud of foul miasma!
The wight closely misses you.
It was a potion of curing.
You feel better.
The hornet is engulfed in dark miasma.
The hornet is poisoned.
The hornet completely misses you.
The hornet is engulfed in dark miasma.
The hornet looks even sicker.
The hornet seems to slow down.
The hornet stings you but does no damage.
The wight hits you from afar with a +4 halberd!!
* * * LOW HITPOINT WARNING * * *
You partially resist.
You feel drained.
* * * LOW HITPOINT WARNING * * *
It was a potion of berserk rage.
A red film seems to cover your vision as you go berserk!
You feel yourself moving faster!
You feel mighty!
You kill the hornet!
The wight barely misses you. The wight hits you but does no damage.
Your life force feels restored.
Your Fighting skill increases to level 5!
Your Polearms skill increases to level 4!
You feel a strong urge to attack something.
You feel yourself speed up.
You feel your anger nearly subside.
You are no longer berserk.
You are exhausted.
You feel yourself slow down.
The wight hits you from afar with a +4 halberd!
You die...

... #.# #.# #.#
#.#####
#.#...########
#####.#...........
#...(.............
#
#@######.#.######.
... #.# #.#.#
.....#####z# #.#.#
.....zz{.z.# #.#(#
.....####### #.#..
... #.### # #..


You could see 2 wights.

Vanquished Creatures
  A hornet (D:8)
  A black bear (D:5)
  A scorpion (D:5)
  A wight (D:8)
  2 hounds
  A jelly (D:5)
  A bullfrog skeleton (D:3)
  Ijyb (D:3)
  A scorpion zombie (D:5)
  Robin (D:2)
  A howler monkey skeleton (D:4)
  7 gnolls (D:4)
  6 adders
  2 worms
  A dart slug (D:1)
  8 endoplasms
  3 giant cockroaches (D:1)
  11 goblins
  17 hobgoblins
  7 kobolds
  A quokka (D:5)
  5 ball pythons
  4 bats
  6 frilled lizards
  6 rats
96 creatures vanquished.

Notes
Turn   | Place    | Note
-------+----------+-------------------------------------------
     0 | D:1      | Sin92 the Demonspawn Fighter began the quest for the Orb.
     0 | D:1      | Reached XP level 1. HP: 18/18 MP: 1/1
    50 | D:1      | Gained mutation: You have a pair of small antennae on your
                  | head. [demonic ancestry]
    50 | D:1      | Reached XP level 2. HP: 20/24 MP: 2/2
   539 | D:1      | Gained mutation: You may rarely emit foul miasma when
                  | damaged in melee. [demonic ancestry]
   539 | D:1      | Reached XP level 3. HP: 27/29 MP: 3/3
   597 | D:1      | Found a faded altar of an unknown god.
  1118 | D:2      | Reached XP level 4. HP: 26/36 MP: 4/4
  1309 | D:2      | Noticed Robin
  1315 | D:2      | Killed Robin
  1694 | D:2      | Found Horaym's General Store.
  2141 | D:3      | Noticed Ijyb
  2582 | D:3      | Gained mutation: You have a pair of antennae on your head.
                  | [demonic ancestry]
  2582 | D:3      | Reached XP level 5. HP: 42/42 MP: 5/5
  2907 | D:3      | Killed Ijyb
  2908 | D:3      | Reached skill level 4 in Fighting
  2911 | D:3      | Found the +7 Kryia's mail coat {PotionHeal*2 rC+}
  3479 | D:4      | Reached XP level 6. HP: 48/48 MP: 6/6
  3558 | D:4      | Identified the +1 scale mail "Moutrov" {rN+ Dex+5 Slay+3
                  | Stlth+}
  3883 | D:5      | Entered Level 5 of the Dungeon
  4068 | D:5      | Gained mutation: You are surrounded by a mild repulsion
                  | field. (EV +2) [demonic ancestry]
  4068 | D:5      | Reached XP level 7. HP: 55/55 MP: 7/7
  4386 | D:5      | You fall into a shaft and drop 3 floors!
  4404 | D:8      | Noticed a hornet
  4413 | D:8      | HP: 2/53 [wight/+4 halberd (4)]
  4414 | D:8      | Killed a hornet
  4415 | D:8      | Reached skill level 5 in Fighting
  4419 | D:8      | Mangled by a wight

Illustrated notes

Levels and vault maps discovered:
D:1:      minmay_arrival_split_and_join, layout_basic,
          shapermc_ecumenical_altar_notcrosses
D:2:      layout_loops_ring, serial_shops, shop, kennysheep_generic_room_9,
          uniq_robin
D:3:      layout_basic, uniq_ijyb
D:4:      layout_basic
D:5:      layout_basic
D:8:      layout_loops_ring, serial_shops, nicolae_shop_hallway_plus,
          uniq_joseph

Skill      XL: |  1  2  3  4  5  6  7 |
---------------+----------------------+-----
Polearms       | 2 3 4 |  4.2
Armour         | 3 4 |  4.6
Shields        | 3 4 |  4.6
Fighting       | 4 5 |  5.1

Action                   |  1- 3 |  4- 6 |  7- 9 || total
-------------------------+-------+-------+-------++-------
Melee: Trident           |   104 |   135 |     6 ||   245
  Use: Scroll            |     1 |     4 |       ||     5
       Potion            |       |       |     2 ||     2
 Stab: Sleeping          |       |     1 |       ||     1
Armor: Scale mail        |     5 |     6 |     4 ||    15
       Chain mail        |    36 |    42 |       ||    78
Dodge: Dodged            |    27 |    36 |     7 ||    70
Block: Buckler           |    22 |    22 |     3 ||    47
